 Dungeon Crawl Stone Soup version 0.29.1-13-g9f3cf754e1 (webtiles) character file.

Game seed: 18079920269544255087

11 shadowmeld the Ducker (level 2, 0/25 HPs)
             Began as a Djinni Monk on Jan 29, 2023.
             Slain by a quokka (1 damage)
             ... on level 1 of the Dungeon.
             The game lasted 00:02:53 (838 turns).

shadowmeld the Ducker (Djinni Monk)                  Turns: 838, Time: 00:02:53

Health: 0/25       AC:  2    Str: 10    XL:     2   Next: 40%
Gold:   39         EV: 13    Int: 11    God:
                   SH:  0    Dex: 15

rFire   + + .      SeeInvis .     - Unarmed
rCold   x . .      Faith    .   (no shield)
rNeg    . . .      Spirit   .   a - +0 robe
rPois   ∞          Reflect  .   (no helmet)
rElec   .          Harm     .   (no cloak)
rCorr   .          Rampage  .   (no gloves)
Will    .....                   (boots unavailable)
Stlth   ++........              (no amulet)
HPRegen 0.08/turn               (no ring)
MPRegen 0.00/turn               (no ring)

@: flying
A: sickness immunity, fire resistance 2, cold vulnerability 1, float, innate
caster, HP casting, extra vitality 1
a: no special abilities


You were on level 1 of the Dungeon.
You visited 1 branch of the dungeon, and saw 1 of its levels.

You collected 39 gold pieces.

Inventory:

Armour
 a - a +0 robe (worn)
Scrolls
 c - a scroll of summoning {unknown}
 d - a scroll of identify {unknown}
Potions
 b - a potion of ambrosia
 e - a potion of magic {unknown}


   Skills:
 + Level 3.1 Fighting
 + Level 3.5 Dodging
 + Level 1.6 Stealth
 + Level 3.2 Unarmed Combat


You had one spell level left.
You didn't know any spells.
Your spell library was empty.

Dungeon Overview and Level Annotations

Branches:
Dungeon (1/15)

Altars:


Innate Abilities, Weirdness & Mutations

You are immune to sickness and miasma.
You are immune to poison.
Your flesh is very heat resistant. (rF++)
You are vulnerable to cold. (rC-)
You float through the air rather than walking.
You learn spells naturally, not from books.
Your magical power is your life essence.
You have superior vitality. (+4 MHP)


Message History

You miss the quokka. The ball python bites you. The ball python grabs you.
The ball python constricts you. The quokka bites you.
You hit the quokka.
The quokka is lightly wounded.
The quokka bites you. The ball python bites you.
The ball python constricts you.
You hit the quokka.
The quokka is heavily wounded.
The quokka closely misses you. The ball python bites you.
The ball python constricts you.
You hit the quokka but do no damage.
The quokka is heavily wounded.
The ball python bites you. The ball python constricts you.
The quokka bites you.
You hit the quokka.
The quokka is severely wounded.
The ball python barely misses you. The ball python constricts you.
The quokka bites you.
* * * LOW HITPOINT WARNING * * *
You escape the ball python's grasp.
The ball python attacks as you move away!
The ball python bites you but does no damage.
The quokka bites you but does no damage.
The quokka bites you.
* * * LOW HITPOINT WARNING * * *
The quokka attacks as you move away! The quokka misses you.
The ball python attacks as you move away!
The ball python barely misses you. The ball python misses you.
The rat bites you.
* * * LOW HITPOINT WARNING * * *
The rat attacks as you move away! The rat misses you.
The ball python misses you. The ball python closely misses you.
The rat attacks as you move away! The rat closely misses you.
The ball python attacks as you move away!
The ball python bites you.
* * * LOW HITPOINT WARNING * * *
You hit the quokka.
The quokka is almost dead.
The quokka bites you.
You die...

########## #...=....#
#........#
#........############
#...................#
#.$.........r.......###
#...........r@......'.#
#...........S.......######
#.....?..................#
#........####....###.###.#
#........####....# #.# #.#
#........+.##....###.# #.#
.........#.##........# #.#
##+#.#####.##....#####
#.##### .....#.##....#
#.#...#


You could see a quokka, a ball python and a rat.

Vanquished Creatures
  A ball python (D:1)
  2 endoplasms (D:1)
  A hobgoblin (D:1)
  2 kobolds (D:1)
  2 quokkas (D:1)
  A bat (D:1)
9 creatures vanquished.

Notes
Turn   | Place    | Note
-------+----------+-------------------------------------------
     0 | D:1      | shadowmeld the Djinni Monk began the quest for the Orb.
     0 | D:1      | Reached XP level 1. HP: 20/20 MP: 0/0
   299 | D:1      | Reached XP level 2. HP: 18/25 MP: 0/0
   836 | D:1      | HP: 1/25 [ball python (1)]
   838 | D:1      | Slain by a quokka

Illustrated notes

Levels and vault maps discovered:
D:1:      dpeg_arrival_water_fire, layout_basic

Action                   || total
-------------------------++-------
Melee: Unarmed           ||    37
 Stab: Sleeping          ||     4
Armor: Robe              ||     4
Dodge: Dodged            ||    27
